 Dungeon Sprint DCSS version 0.27.1-33-g824d729ab1 (webtiles) character file.

Game seed: 16545144178529707838

3794 manyhoops the Bewitcher (level 9, -2/41 HPs)
             Began as a Spriggan Enchanter on Nov 27, 2021.
             Was a Believer of Hepliaklqana.
             Killed from afar by an oklob plant (18 damage)
             ... with a splash of acid
             ... in the Dungeon (Sprint I: "Red Sonja").
             The game lasted 00:05:32 (655 turns).

manyhoops the Bewitcher (Spriggan Enchanter)         Turns: 655, Time: 00:05:33

Health: -2/41      AC:  3    Str:  4    XL:     9   Next: 96%
Magic:  12/14      EV: 28    Int: 16    God:    Hepliaklqana [**....]
Gold:   838        SH:  0    Dex: 19    Spells: 1/13 levels left

rFire    . . .     SeeInvis +   a - +1 dagger
rCold    . . .     Faith    .   (shield restricted)
rNeg     . . .     Spirit   .   b - +0 robe
rPois    .         Reflect  .   (helmet restricted)
rElec    .         Harm     .   k - +0 cloak
rCorr    .         Rampage  .   (gloves unavailable)
Will     +....     NoTele   +   (boots unavailable)
Stlth    ++++++....             (no amulet)
HPRegen  0.13/turn              (no ring)
MPRegen  0.14/turn              (no ring)

@: very quick
A: reduced essence, very small, no large weapons, unfitting armour, see
invisible, speed 3
a: Renounce Religion, Recall Ancestor, Ancestor Identity


You were in the Dungeon.
You worshipped Hepliaklqana.
Hepliaklqana was pleased with you.
You visited 1 branch You collected 967 gold pieces.
You spent 129 gold pieces at shops.

Inventory:

Hand Weapons
 a - a +1 dagger (weapon)
Armour
 b - a +0 robe (worn)
 k - a +0 cloak (worn)
Wands
 i - a wand of digging (7)
 j - a wand of flame (17)
Scrolls
 g - 5 scrolls of identify
Potions
 c - 6 potions of curing
 d - a potion of heal wounds
 e - a potion of haste
 f - 2 potions of magic


   Skills:
 - Level 4.9 Fighting
 - Level 9.4 Short Blades
 - Level 13.7 Dodging
 + Level 14.2 Stealth
 - Level 2.6 Spellcasting
 - Level 17.4 Hexes


You had one spell level left.
You knew the following spells:

 Your Spells              Type           Power      Damage    Failure   Level
a - Corona                Hex            61%        N/A       0%          1
b - Ensorcelled Hibernat  Hex/Ice        60%        N/A       1%          2
c - Tukima's Dance        Hex            55%        N/A       1%          3
d - Confusing Touch       Hex            55%        N/A       1%          3
e - Dazzling Flash        Conj/Hex       60%        N/A       1%          3

Your spell library contained the following spells:

 Spells                   Type           Power      Damage    Failure   Level


Dungeon Overview and Level Annotations

Branches:
Dungeon (1/1)

Altars:
Cheibriados
Dithmenos
Elyvilon
Fedhas
Gozag
Hepliaklqana
Kikubaaqudgha
Makhleb
Nemelex Xobeh
Okawaru
Qazlal
Ru
Sif Muna
Trog
Uskayaw
Vehumet
Wu Jian
Xom
Yredelemnul
Zin
The Shining One
Jiyva
Lugonu

Shops:
D ??[

Annotations:
D exclusion: oklob plant


Innate Abilities, Weirdness & Mutations

Your life essence is reduced to manifest your ancestor. (-10% HP)
You are very small and have problems with some larger weapons.
You are too small for most types of armour.
You have supernaturally acute eyesight. (SInv)
You cover ground extremely quickly. (Speed+++)


Message History

You perforate the oklob plant like a sieve!!!
The oklob plant is severely damaged.
You hit the oklob plant.
The oklob plant is severely damaged.
The oklob plant spits acid at you. The splash of acid hits you!
You are splashed with acid!
Unknown command.
Blink to where?
Press: ? - help, Dir - move target
As you read the scroll of blinking, it crumbles to dust.
Things that are here:
a +0 shortbow; 18 arrows; a centaur corpse Really walk into a travel-excluded area?
There is an open door, spattered with blood here.
What are your orders? t - Shout!
Orders for allies: a - Attack new target. r - Retreat! s - Stop attacking. g - Guard the area. f - Follow me.
Anything else - Cancel.
Okay, then.
Mirna is recalled.
What are your orders? t - Shout!
Orders for allies: a - Attack new target. r - Retreat! s - Stop attacking. g - Guard the area. f - Follow me.
Anything else - Cancel.
Gang up on whom?
Press: ? - help, Dir - move target, f - oklob plant
Aim: an oklob plant (severely damaged, ally target) Attack!
The oklob plant spits acid at you. The splash of acid misses you.
Mirna casts a spell at the oklob plant.
The oklob plant easily resists.
Okay, then.
The oklob plant spits acid at Mirna.
The splash of acid hits you!!
You die...

###################
..#).'..#__#..'..)#
.)'[.#..'..'R.#...#
#'#####'#__####)..+
..#...#[####).#####
###..##.#§§§§§#.§#
__##'#_.'≈§§§.§§§#
...'..._#§§§§R#§R#
__##_.#'##§#####@#
__###'#[#.§..###P+
#####.####'###(###
...'...'..[..R[∩#
####.).##########
###.### #.#'#.#
#.....# #..(..#


You could see the friendly Mirna the hexer and an oklob plant (ally target).

Vanquished Creatures
  2 centaur warriors (D)
  Sonja (D)
  A deep troll (D)
  2 kobold demonologists (D)
  A hornet (D)
  A slime creature (D)
  Sigmund (D)
  A yak (D)
  A floating eye (D)
  An ogre (D)
  A jelly (D)
  Ijyb (D)
  A ballistomycete spore (D)
15 creatures vanquished.

Vanquished Creatures (others)
  A gargoyle (D)
  A ballistomycete spore (D)
2 creatures vanquished.

Grand Total: 17 creatures vanquished

Notes
Turn   | Place    | Note
-------+----------+-------------------------------------------
     0 | D        | manyhoops the Spriggan Enchanter began the quest for the
                  | Orb.
     0 | D        | Reached XP level 1. HP: 9/9 MP: 5/5
     2 | D        | Noticed Ijyb
    12 | D        | Killed Ijyb
    13 | D        | Reached skill level 10 in Stealth
    13 | D        | Reached XP level 2. HP: 13/13 MP: 4/6
    57 | D        | Learned a level 2 spell: Ensorcelled Hibernation
    57 | D        | Noticed an ogre
    59 | D        | Killed an ogre
    60 | D        | Reached XP level 3. HP: 15/16 MP: 8/8
    60 | D        | Reached XP level 4. HP: 20/21 MP: 9/9
    72 | D        | Learned a level 3 spell: Tukima's Dance
    75 | D        | Noticed Sigmund
    84 | D        | Killed Sigmund
    85 | D        | Reached XP level 5. HP: 13/24 MP: 2/10
   233 | D        | Found an ornate altar of the Wu Jian Council.
   233 | D        | Found a shimmering blue altar of Sif Muna.
   235 | D        | Found a radiant altar of Vehumet.
   240 | D        | Reached skill level 5 in Hexes
   240 | D        | Reached XP level 6. HP: 28/28 MP: 11/11
   246 | D        | Found Plog's Magic Scroll Emporium.
   246 | D        | Found an ancient bone altar of Kikubaaqudgha.
   246 | D        | Found a hazy altar of Hepliaklqana.
   246 | D        | Found a stormy altar of Qazlal.
   246 | D        | Found a hide-covered altar of Uskayaw.
   246 | D        | Found a blossoming altar of Fedhas.
   246 | D        | Found a bloodstained altar of Trog.
   246 | D        | Found an iron altar of Okawaru.
   246 | D        | Found a basalt altar of Yredelemnul.
   246 | D        | Found a glowing golden altar of the Shining One.
   246 | D        | Found a snail-covered altar of Cheibriados.
   246 | D        | Found a sacrificial altar of Ru.
   246 | D        | Found a glowing silver altar of Zin.
   246 | D        | Found a shadowy altar of Dithmenos.
   246 | D        | Found a white marble altar of Elyvilon.
   246 | D        | Noticed a yak
   247 | D        | Found an opulent altar of Gozag.
   248 | D        | Killed a yak
   249 | D        | Reached skill level 10 in Hexes
   249 | D        | Found a sparkling altar of Nemelex Xobeh.
   259 | D        | Became a worshipper of Hepliaklqana the Forgotten
   288 | D        | Found a burning altar of Makhleb.
   288 | D        | Found a viscous altar of Jiyva.
   288 | D        | Found a shimmering altar of Xom.
   288 | D        | Found a corrupted altar of Lugonu.
   288 | D        | Noticed a slime creature
   293 | D        | Killed a slime creature
   294 | D        | Reached skill level 12 in Hexes
   294 | D        | Reached XP level 7. HP: 32/32 MP: 9/12
   319 | D        | Noticed Sonja
   323 | D        | Killed Sonja
   324 | D        | Reached skill level 15 in Hexes
   324 | D        | Reached XP level 8. HP: 36/36 MP: 13/13
   342 | D        | Found Irranwott's Magic Scroll Boutique.
   342 | D        | Reached * piety under Hepliaklqana
   350 | D        | Bought a scroll of identify for 28 gold pieces
   350 | D        | Bought a scroll of identify for 28 gold pieces
   350 | D        | Bought a scroll of identify for 28 gold pieces
   360 | D        | Learned a level 3 spell: Confusing Touch
   364 | D        | Learned a level 3 spell: Dazzling Flash
   384 | D        | Killed a gargoyle
   503 | D        | Noticed a deep troll
   507 | D        | Killed a deep troll
   508 | D        | Reached skill level 17 in Hexes
   531 | D        | Found Odeqac's Armour Emporium.
   535 | D        | Bought a +0 cloak for 45 gold pieces
   547 | D        | Noticed a centaur warrior
   547 | D        | Noticed a centaur warrior
   550 | D        | Killed a centaur warrior
   551 | D        | Reached skill level 10 in Dodging
   551 | D        | Reached XP level 9. HP: 35/35 MP: 14/14
   552 | D        | Killed a centaur warrior
   572 | D        | Noticed an oklob plant
   594 | D        | Reached ** piety under Hepliaklqana
   598 | D        | Remembered your ancestor Mirna as a hexer
   610 | D        | Noticed a kobold demonologist
   611 | D        | Noticed a kobold demonologist
   614 | D        | Reached skill level 1 in Fighting
   614 | D        | Killed a kobold demonologist
   616 | D        | Killed a kobold demonologist
   655 | D        | Killed from afar by an oklob plant

Illustrated notes

Levels and vault maps discovered:
D:        dungeon_sprint_1 [red_sonja_temple_1, red_sonja_temple_small_1]

Skill      XL: |  1  2  3  4  5  6  7  8  9 |
---------------+----------------------------+-----
Stealth        | 10 14 | 14.2
Short Blades   | 8 9 |  9.4
Hexes          | 5 12 15 17 | 17.4
Dodging        | 10 13 | 13.7
Fighting       | 4 |  4.9
Spellcasting   | |  2.6

Action                   |  1- 3 |  4- 6 |  7- 9 || total
-------------------------+-------+-------+-------++-------
Melee: Dagger            |     9 |     4 |    11 ||    24
 Cast: Corona            |     1 |       |       ||     1
       Ensorcelled Hiber |       |     2 |       ||     2
       Tukima's Dance    |       |     1 |       ||     1
Invok: Recall Ancestor   |       |       |     1 ||     1
       Ancestor Life: He |       |       |     1 ||     1
       Ancestor Identity |       |       |     1 ||     1
  Use: Potion            |     1 |       |       ||     1
       Scroll            |       |       |     1 ||     1
 Stab: Sleeping          |     1 |     4 |     9 ||    14
       Distracted        |       |       |     1 ||     1
Dodge: Dodged            |     2 |     1 |     1 ||     4
